 Dungeon Crawl Stone Soup version 0.29-a0-284-gf9362112df (webtiles) character file.

Game seed: 10692330113235363918

1 sammy202020 the Skirmisher (level 1, 0/21 HPs)
             Began as a Gargoyle Berserker on Mar 21, 2022.
             Was a Follower of Trog.
             Slain by a kobold
             ... wielding a +0 whip
              (3 damage)
             ... on level 1 of the Dungeon.
             The game lasted 00:00:28 (110 turns).

sammy202020 the Skirmisher (Gargoyle Berserker)      Turns: 110, Time: 00:00:29

Health: 0/21       AC:  4    Str: 20    XL:     1   Next: 20%
Magic:  1/1        EV:  8    Int:  7    God:    Trog [*.....]
Gold:   6          SH:  0    Dex:  9    Spells: 0/0 levels left

rFire   . . .      SeeInvis .   a - +0 mace
rCold   . . .      Faith    .   (no shield)
rNeg    + . .      Spirit   .   b - +0 animal skin
rPois   ∞          Reflect  .   (no helmet)
rElec   +          Harm     .   (no cloak)
rCorr   .          Rampage  .   (no gloves)
Will    .....                   (no boots)
Stlth   ..........              (no amulet)
HPRegen 0.07/turn               (no ring)
MPRegen 0.07/turn               (no ring)

@: berserking, constricted, very quick
A: sickness immunity, AC +2, negative energy resistance 1, electricity
resistance, torment resistance 1, petrification resistance
a: Renounce Religion, Berserk


You were on level 1 of the Dungeon.
You worshipped Trog.
Trog was aware of your devotion.
You visited 1 branch of the dungeon, and saw 1 of its levels.

You collected 6 gold pieces.

Inventory:

Hand Weapons
 a - a +0 mace (weapon)
Armour
 b - a +0 animal skin (worn)


   Skills:
 * Level 3.3 Fighting
 * Level 3.0 Maces & Flails
 * Level 2.2 Armour
 + Level 1.5 Dodging


You couldn't memorise any spells.
You didn't know any spells.
Your spell library was empty.

Dungeon Overview and Level Annotations

Branches:
Dungeon (1/15)

Altars:


Innate Abilities, Weirdness & Mutations

You are immune to sickness and miasma.
Your stone body is resilient. (AC +2)
You are immune to poison.
You resist negative energy. (rN+)
You are resistant to electric shocks. (rElec)
You are resistant to unholy torment.
You are immune to petrification.


Message History

No target in view!
No target in view!
No target in view!
No target in view!
No target in view!
No target in view!
No target in view!
No target in view!
No target in view!
HP restored.
You see here a rat corpse.
Found a ring mail.
Found a stone staircase leading down.
No target in view!
A kobold and a ball python come into view.
The kobold shouts!
The ball python hisses angrily.
The kobold hits you with a +0 whip. The ball python bites you.
The ball python grabs you. The ball python constricts you.
You barely miss the ball python. You punch the ball python.
The ball python is severely wounded.
The kobold hits you but does no damage.
The ball python bites you but does no damage.
The ball python constricts you.
You closely miss the ball python.
The ball python is severely wounded.
The kobold hits you with a +0 whip.
The ball python bites you but does no damage.
The ball python constricts you.
* * * LOW HITPOINT WARNING * * *
The kobold hits you with a +0 whip.
* * * LOW HITPOINT WARNING * * *
Really renounce your faith, foregoing its fabulous benefits? [Y]es or [N]o only, please.
Really renounce your faith, foregoing its fabulous benefits?
Okay, then.
A red film seems to cover your vision as you go berserk!
You feel yourself moving faster!
You feel mighty! The ball python barely misses you.
The ball python constricts you. The kobold hits you with a +0 whip.
You die...

###...#.....#
#....##.....##
#....#.###.......
######.# .......#
#########..##.......#
#.........##........#
#........###.#.....##
#............#K......
#.......#####@S[....#
#.......# #.......# #
#..†....# #.......# #
#.......# ##.....##
####.......# #...##
#..........# ####
#.########## ..# ..#


You could see a ball python and a kobold.

Vanquished Creatures
  A ball python (D:1)
  A rat (D:1)
2 creatures vanquished.

Notes
Turn   | Place    | Note
-------+----------+-------------------------------------------
     0 | D:1      | sammy202020 the Gargoyle Berserker began the quest for the
                  | Orb.
     0 | D:1      | Reached XP level 1. HP: 14/14 MP: 1/1
   110 | D:1      | Slain by a kobold

Illustrated notes

Levels and vault maps discovered:
D:1:      dpeg_arrival_court, layout_rooms

Action                   || total
-------------------------++-------
Melee: Mace              ||     5
       Punch             ||     1
Invok: Berserk           ||     1
Armor: Animal skin       ||     4
Dodge: Dodged            ||     2

Table legend: (Time is in decaauts)
 A = Elapsed time spent in this place.
 B = Non-inter-level travel time spent in this place.
 C = Inter-level travel time spent in this place.
 D = Time resting spent in this place.
 E = Time spent auto-exploring this place.
 F = Levels seen in this place.
 G = Mean time per level.
                   A        B        C        D        E       F      G
               +--------+--------+--------+--------+--------+-----+--------+
         Total |    111 |    104 |      7 |      0 |     79 |   1 |  111.0 |
       Dungeon |    111 |    104 |      7 |      0 |     79 |   1 |  111.0 |
               +--------+--------+--------+--------+--------+-----+--------+

Top non-repeatable levels by time:
     D:1: 111 daAuts
